 Dungeon Crawl Stone Soup version 0.23.2-1-ga50397a6bc (webtiles) character file.

Game seed: 5663589864632916853

559 Mrkan the Ruffian (level 7, 0/68 HPs)
             Began as a Troll Monk on May 20, 2019.
             Was a Believer of Wu Jian.
             Slain by a slave (4 damage)
             ... led by Pikel
             ... on level 4 of the Dungeon.
             The game lasted 00:07:13 (2384 turns).

Mrkan the Ruffian (Troll Monk)                      Turns: 2384, Time: 00:07:14

Health: 0/68       AC:  6    Str: 22    XL:     7   Next: 9%
Magic:  6/6        EV: 11    Int:  6    God:    Wu Jian [**....]
Gold:   204        SH:  0    Dex: 12    Spells: 6/6 levels left

rFire    . . .     SeeInvis .     - Unarmed
rCold    . . .     Gourm    +   (no shield)
rNeg     . . .     Faith    .   a - +0 robe
rPois    .         Spirit   .   (helmet restricted)
rElec    .         Reflect  .   (no cloak)
rCorr    .         Harm     .   (gloves unavailable)
MR       .....                  (boots unavailable)
Stlth    ++........             (no amulet)
HPRegen  0.61/turn              (no ring)
MPRegen  0.10/turn              (no ring)

@: no status effects
A: large, unfitting armour, claws 3, fast metabolism 3, gourmand, regeneration
1, shaggy fur 1, tough skin 3
a: Wall Jump, Renounce Religion


You were on level 4 of the Dungeon.
You worshipped Wu Jian.
Wu Jian was pleased with you.
You were very full.

You visited 1 branch of the dungeon, and saw 4 of its levels.

You collected 204 gold pieces.

Inventory:

Armour
 a - a +0 robe (worn)
Jewellery
 g - an uncursed ring of protection from fire {unknown}
 k - a +4 ring of strength {unknown}
 o - an uncursed amulet of harm {unknown}
Wands
 r - a wand of random effects (17)
Scrolls
 c - 2 scrolls of remove curse {unknown}
 e - 2 scrolls of fog {unknown}
 h - 3 scrolls of immolation {unknown}
 j - 3 scrolls of identify {unknown}
 l - a scroll of fear {unknown}
 p - a scroll of amnesia {unknown}
 q - a scroll of enchant armour {unknown}
Potions
 d - a potion of haste {unknown}
 f - 2 potions of curing {unknown}
 i - 3 potions of brilliance {unknown}
 m - a potion of agility {unknown}
 n - 2 potions of lignification {unknown}
Comestibles
 b - 8 rations


   Skills:
 + Level 3.9 Fighting
 + Level 3.9 Dodging
 - Level 1.0 Stealth
 * Level 6.1 Unarmed Combat


You had 6 spell levels left.
You didn't know any spells.
Your spell library was empty.

Dungeon Overview and Level Annotations

Branches:
Dungeon (4/15)
 Temple: D:4-7

Altars:
Ashenzari
Gozag
Hepliaklqana
Uskayaw
Wu Jian

Shops:
D:2 *

Annotations:
D:4 Pikel


Innate Abilities, Weirdness & Mutations

You are too large for most types of armour.
You have claws for hands.
Your metabolism is lightning-fast.
You like to eat raw meat.
Your natural rate of healing is unusually fast.
You are covered in fur. (AC +1)
You have extremely tough skin. (AC +3)


Message History

* * * LOW HITPOINT WARNING * * *
You mangle Pikel!!
Pikel is severely wounded.
The slave hits you but does no damage. The slave hits you.
* * * LOW HITPOINT WARNING * * *
You claw Pikel!
Pikel is almost dead.
Pikel hits you but does no damage. The slave hits you.
* * * LOW HITPOINT WARNING * * *
The slave hits you.
* * * LOW HITPOINT WARNING * * *
The slave closely misses you. The slave barely misses you.
You barely miss Pikel.
Pikel is almost dead.
Pikel hits you but does no damage. The slave misses you. The slave hits you.
* * * LOW HITPOINT WARNING * * *
The slave hits you.
* * * LOW HITPOINT WARNING * * *
The slave hits you.
You die...

######## #?.....# #......#
#......# #####......#
...........# ......pKp..#
.......@p..# ........p..# #.
#........†####
#.##.........#####
#.##.............#####
###.##.................. .. .
##..................#.... ##.
# #.......>..............>. ..
#
#...................#.##.###.#
#


You could see Pikel and 4 slaves.

Vanquished Creatures
  A phantom (D:4)
  A hound (D:4)
  2 jellies (D:3)
  An orc wizard (D:3)
  Terence (D:3)
  3 worker ants (D:4)
  A howler monkey skeleton (D:4)
  4 gnolls (D:3)
  6 adders
  10 oozes (D:3)
  An adder zombie (D:4)
  2 worms
  A dart slug (D:4)
  4 leopard geckos
  6 orcs
  2 giant cockroaches (D:2)
  10 goblins
  11 hobgoblins
  8 jackals (D:4)
  13 kobolds
  A quokka (D:2)
  A ball python (D:3)
  4 bats
  3 frilled lizards (D:3)
  A quokka skeleton (D:4)
  10 rats
  A fungus (D:3)
109 creatures vanquished.

Vanquished Creatures (others)
  3 fungi (D:3)
  5 toadstools (D:3)
8 creatures vanquished.

Grand Total: 117 creatures vanquished

Notes
Turn   | Place    | Note
-------+----------+-------------------------------------------
     0 | D:1      | Mrkan the Troll Monk began the quest for the Orb.
     0 | D:1      | Reached XP level 1. HP: 22/22 MP: 0/0
   112 | D:1      | Reached XP level 2. HP: 29/29 MP: 1/1
   635 | D:2      | Reached XP level 3. HP: 36/36 MP: 2/2
   717 | D:2      | Found Gozag's Platinum Reserve.
   828 | D:2      | Found a hazy altar of Hepliaklqana.
   833 | D:2      | Reached skill level 4 in Unarmed Combat
   845 | D:2      | Reached XP level 4. HP: 44/44 MP: 3/3
   979 | D:2      | Found an opulent altar of Gozag.
  1230 | D:3      | Noticed Terence
  1239 | D:3      | Killed Terence
  1239 | D:3      | Reached XP level 5. HP: 53/53 MP: 4/4
  1556 | D:3      | Reached skill level 5 in Unarmed Combat
  1805 | D:3      | Reached XP level 6. HP: 25/61 MP: 5/5
  2107 | D:4      | Found a hide-covered altar of Uskayaw.
  2203 | D:4      | Reached skill level 6 in Unarmed Combat
  2233 | D:4      | Found a shattered altar of Ashenzari.
  2244 | D:4      | Reached XP level 7. HP: 62/68 MP: 6/6
  2343 | D:4      | Found an ornate altar of the Wu Jian Council.
  2357 | D:4      | Became a worshipper of the Wu Jian Council
  2357 | D:4      | Reached * piety under Wu Jian
  2357 | D:4      | Reached ** piety under Wu Jian
  2373 | D:4      | Noticed Pikel
  2384 | D:4      | Slain by a slave

Skill      XL: |  1  2  3  4  5  6 |
---------------+-------------------+-----
Unarmed Combat | 4 5 6 |  6.1
Fighting       | 3 |  3.9
Dodging        | 3 |  3.9
Stealth        | |  1.0

Action                   |  1- 3 |  4- 6 |  7- 9 || total
-------------------------+-------+-------+-------++-------
Melee: Unarmed           |   100 |   202 |    20 ||   322
       Punch             |     1 |     5 |     1 ||     7
Invok: Whirlwind         |       |       |     1 ||     1
 Stab: Sleeping          |     2 |     1 |       ||     3
  Eat: Chunk             |     8 |    16 |     2 ||    26
Armor: Robe              |    32 |    47 |    12 ||    91
Dodge: Dodged            |    44 |   115 |    24 ||   183
